 Dungeon Crawl Stone Soup version 0.27.1-1-g398f81649c (webtiles) character file.

Game seed: 2515544168704112984

26 acemry the Changer (level 3, -5/23 HPs)
             Began as an Octopode Transmuter on Sept 7, 2021.
             Slain by a gnoll (7 damage)
             ... on level 2 of the Dungeon.
             The game lasted 00:03:42 (2002 turns).

acemry the Changer (Octopode Transmuter)            Turns: 2002, Time: 00:03:43

Health: -5/23      AC:  1    Str:  9    XL:     3   Next: 8%
Magic:  6/6        EV: 13    Int: 16    God:
Gold:   59         SH:  0    Dex: 12    Spells: 5/6 levels left

rFire    . . .     SeeInvis .     - Unarmed
rCold    . . .     Faith    .   (no shield)
rNeg     . . .     Spirit   .   (helmet currently unavailable)
rPois    .         Reflect  .   h - amulet of regeneration
rElec    .         Harm     .   (no ring)
rCorr    .         Rampage  .   (no ring)
Will     .....                  (no ring)
Stlth    +++.......             (no ring)
HPRegen  1.07/turn              (no ring)
MPRegen  0.10/turn              (no ring)
                                (no ring)
                                (no ring)

@: appendages (expiring)
A: tentacle spike 3, almost no armour, amphibious, 8 rings, camouflage 1,
gelatinous body 1, (nimble swimmer 1), tentacles
a: End Transformation


You were on level 2 of the Dungeon.
One of your tentacles had grown a beastly spike.
You visited 1 branch of the dungeon, and saw 2 of its levels.

You collected 59 gold pieces.

Inventory:

Jewellery
 h - an amulet of regeneration (around mantle)
Scrolls
 a - a scroll of identify {unknown}
 b - a scroll of immolation {unknown}
 d - a scroll of teleportation {unknown}
 e - a scroll of vulnerability {unknown}
 f - a scroll of amnesia {unknown}
 i - a scroll of holy word {unknown}
Potions
 c - a potion of brilliance {unknown}
 g - 2 potions of heal wounds {unknown}


   Skills:
 - Level 1.0 Fighting
 - Level 2.0 Dodging
 + Level 1.9 Stealth
 - Level 3.0 Unarmed Combat
 - Level 2.0 Spellcasting
 * Level 3.1 Transmutations


You had 5 spell levels left.
You knew the following spells:

 Your Spells              Type           Power      Damage    Failure   Level
a - Beastly Appendage     Tmut           22%        N/A       6%          1

Your spell library contained the following spells:

 Spells                   Type           Power      Damage    Failure   Level
 Wereblood                Tmut           11%        N/A       9%          2
 Spider Form              Tmut/Pois      3%         N/A       32%         3
 Ice Form                 Ice/Tmut       6%         N/A       73%         4


Dungeon Overview and Level Annotations

Branches:
Dungeon (2/15)

Altars:
Trog


Innate Abilities, Weirdness & Mutations

One of your tentacles has grown a beastly spike.
You cannot wear most types of armour.
You are amphibious.
You can wear up to eight rings at the same time.
Your skin changes colour to match your surroundings (Stealth+).
Your rubbery body absorbs attacks. (AC +1, EV +1)
((You are camouflaged near water. (Stealth+)))
You have tentacles for arms and can constrict up to eight enemies at once.


Message History

i - a scroll labelled SEKESA SEBOI You open the door.
There is an open door here.
There is an open door here.
You open the door.
There is an open door here.
You open the door.
Found 24 bolts.
There is an open door here.
You see here 24 bolts.
There is a shaft here.
You open the door.
There is an open door here.
There is an open door here.
There is an open door here.
You open the door.
There is an open door here.
A gnoll comes into view. It is wielding a +0 whip.
The gnoll shouts!
One of your tentacles grows a vicious spike.
An adder comes into view.
A gnoll comes into view. It is wielding a +0 flail.
Your transformation is almost over.
There is a large open door here.
There is a large open door here.
You barely miss the gnoll. You grab the gnoll.
You squeeze the gnoll, but do no damage.
You constrict the gnoll, but do no damage.
The gnoll hits you with a +0 whip!
You tentacle-slap the gnoll.
The gnoll is lightly wounded.
You constrict the gnoll. The gnoll hits you with a +0 whip!
You tentacle-slap the gnoll.
You pierce the gnoll.
You squeeze the gnoll.
The gnoll is severely wounded.
You constrict the gnoll. The gnoll hits you with a +0 whip!
* * * LOW HITPOINT WARNING * * *
You tentacle-slap the gnoll but do no damage.
The gnoll is severely wounded.
You constrict the gnoll. The gnoll hits you with a +0 whip!
You die...

########>.......................
#...............................
##.########################...##
#.# #.......# #...# #.#
#########.......####...# #.#
#......##..._...##.....## #.#
#......##.....[.##.......
#.#####......##.......##...##..
#.....'......g@.......++...++..
#######......##.......##...##..
#......######...##...##..
#......###########...##..
#............# #...##..
######.......# #...##..
#.......# ###...##..
#.......###....###..
#.......)......###..


You could see a gnoll.

Vanquished Creatures
  An adder (D:2)
  A ball python (D:1)
  2 bats (D:1)
  2 endoplasms (D:1)
  4 goblins
  3 kobolds (D:1)
  A frilled lizard (D:1)
  2 rats
16 creatures vanquished.

Notes
Turn   | Place    | Note
-------+----------+-------------------------------------------
     0 | D:1      | acemry the Octopode Transmuter began the quest for the Orb.
     0 | D:1      | Reached XP level 1. HP: 13/13 MP: 3/3
   540 | D:1      | Reached XP level 2. HP: 17/18 MP: 1/5
   661 | D:1      | Reached skill level 1 in Stealth
  1495 | D:2      | Reached XP level 3. HP: 19/23 MP: 4/6
  1613 | D:2      | Found a bloodstained altar of Trog.
  2001 | D:2      | HP: 1/23 [gnoll (7)]
  2002 | D:2      | Slain by a gnoll

Illustrated notes

Levels and vault maps discovered:
D:1:      minmay_arrival_four_loops, layout_basic, minmay_misc_feat_more_columns
D:2:      layout_basic, basic_altar, grunt_decor_fettered, minivault_24

Skill      XL: |  1  2 |
---------------+-------+-----
Stealth        | 1 |  1.9
Transmutations | 3 |  3.1
Fighting       | |  1.0
Dodging        | |  2.0
Unarmed Combat | |  3.0
Spellcasting   | |  2.0

Action                   || total
-------------------------++-------
Melee: Unarmed           ||    45
       Constrict         ||    10
       Kick              ||     8
       Tentacles         ||     4
 Cast: Beastly Appendage ||    16
 Stab: Sleeping          ||     7
Armor: Skin              ||     1
Dodge: Dodged            ||    28
